 Dungeon Crawl Stone Soup version 0.27-a0-684-g359e429f13 (webtiles) character file.

Game seed: 9899372632102605119

1652 Allula97 the Insei (level 8, 0/61 HPs)
             Began as a Demonspawn Monk on Mar 20, 2021.
             Was an Elder of Okawaru.
             Slain by an orc
             ... wielding a +0 club
              (2 damage)
             ... on level 7 of the Dungeon.
             The game lasted 00:20:11 (5830 turns).

Allula97 the Insei (Demonspawn Monk)                Turns: 5830, Time: 00:20:11

Health: 0/61       AC: 11    Str: 16    XL:     8   Next: 68%
Magic:  10/10      EV: 11    Int: 14    God:    Okawaru [****..]
Gold:   142        SH:  0    Dex: 17    Spells: 10/10 levels left

rFire    + . .     SeeInvis .     - Unarmed
rCold    + . .     Faith    .   (no shield)
rNeg     + . .     Spirit   .   n - +1 scale mail "Ciorempe" {rC+ rN+ Str+2 Dex+2}
rPois    .         Reflect  .   (helmet restricted)
rElec    +         Harm     .   (no cloak)
rCorr    .         Rampage  .   p - +0 pair of gloves
Will     +....                  (no boots)
Stlth    +.........             g - amulet of magic regeneration
HPRegen  0.20/turn              t - ring of Riqid {rElec rF+ Will+ Int+2}
MPRegen  0.37/turn              (no ring)

@: mighty
A: horns 2, iridescent scales 1, icemail 1, condensation shield
a: Renounce Religion, Heroism


You were on level 7 of the Dungeon.
You worshipped Okawaru.
Okawaru was greatly pleased with you.
You visited 1 branch of the dungeon, and saw 7 of its levels.

You collected 821 gold pieces.
You spent 679 gold pieces at shops.

Inventory:

Hand Weapons
 c - a +1 antimagic dagger
Armour
 n - the +1 scale mail "Ciorempe" (worn) {rC+ rN+ Str+2 Dex+2}
   (You bought it in a shop on level 4 of the Dungeon)

   It affects your strength (+2).
   It affects your dexterity (+2).
   It protects you from cold.
   It protects you from negative energy.
 p - a +0 pair of gloves (worn)
 q - a +0 kite shield
Magical Staves
 d - a staff of fire
 e - a staff of air
Jewellery
 g - an amulet of magic regeneration (around neck)
 t - the ring of Riqid (right hand) {rElec rF+ Will+ Int+2}
   (You bought it in a shop on level 4 of the Dungeon)

   [ring of willpower]

   It affects your intelligence (+2).
   It protects you from fire.
   It insulates you from electricity.
   It affects your willpower, your defense against some magical effects.
Scrolls
 a - a scroll of identify
 b - a scroll of vulnerability {unknown}
 i - 2 scrolls of enchant armour {unknown}
 j - a scroll of silence {unknown}
 l - 2 scrolls of teleportation {unknown}
 m - a scroll of fear {unknown}
 w - a scroll of fog
Potions
 h - a potion of resistance
 s - 2 potions of brilliance
 u - a potion of attraction


   Skills:
 * Level 4.7 Fighting
 - Level 0.9 Short Blades
 * Level 4.0 Armour
 * Level 4.2 Dodging
 + Level 2.1 Stealth
 * Level 2.8 Shields
 * Level 6.5 Unarmed Combat
 * Level 1.8 Spellcasting
 * Level 3.7 Invocations


You had 10 spell levels left.
You didn't know any spells.
Your spell library contained the following spells:

 Spells                   Type           Power      Damage    Failure   Level
 Confusing Touch          Hex            1%         N/A       94%         3
 Gell's Gravitas          Tloc           0%         N/A       94%         3
 Petrify                  Tmut/Erth      1%         N/A       100%        4
 Metabolic Englaciation   Hex/Ice        0%         N/A       100%        5
 Yara's Violent Unravell  Hex/Tmut       0%         3d3       100%        5


Dungeon Overview and Level Annotations

Branches:
Dungeon (7/15)             Temple (0/1) D:7

Altars:
Hepliaklqana
Okawaru
Xom
Yredelemnul

Shops:
D:3 [   D:4 *   D:5 [   D:6 [


Innate Abilities, Weirdness & Mutations

You have a pair of horns on your head.
You are partially covered in iridescent scales. (AC +2)
A meltable icy envelope protects you from harm. (AC +0)
A meltable shield of frost defends you. (SH +0)


Message History

Deactivating autopickup; reactivate with Ctrl-A.
You hit the orc. You headbutt the orc.
You kill the orc!
Okawaru accepts your kill.
The orc warrior hits you from afar with a +0 trident!
* * * LOW HITPOINT WARNING * * *
The orc completely misses you.
A magic dart appears from out of thin air!
The magic dart hits you.
* * * LOW HITPOINT WARNING * * *
The orc warrior closely misses you. The orc misses you.
You start to feel less resistant.
You feel better.
You feel yourself speed up. The orc warrior misses you.
An orc priest comes into view. It is wielding a +0 mace.
The orc priest shouts!
You hear a shout! x2
The orc priest looks encouraged for a moment.
You punch the orc!
You kill the orc!
Okawaru accepts your kill.
The orc warrior hits you with a +0 trident!
* * * LOW HITPOINT WARNING * * *
You closely miss the orc warrior. The orc warrior completely misses you.
The orc hits you but does no damage.
You punch the orc warrior!
The orc warrior is heavily wounded.
Your resistance to elements expires.
The orc warrior misses you. The orc hits you but does no damage.
Your scale mail "Ciorempe" prevents you from hitting the orc warrior.
The orc warrior is heavily wounded.
You feel a little less agile now.
The orc priest invokes the aid of Beogh against you.
Pain shoots through your body!
* * * LOW HITPOINT WARNING * * *
The orc warrior hits you with a +0 trident!
* * * LOW HITPOINT WARNING * * *
The orc hits you with a +0 club.
You die...

#.# $.. .
#.#...#.8
#...#.. #.#...
.> #...#....
#)Zo..# ### #<#
.....#o####.#.#.
#....o@........
#.#.#.#####.#..
...... ....#o#
#.##.#.# ... .
#.. ## # #.. ..


You could see an orc warrior, an orc priest and an orc.

Vanquished Creatures
  The ghost of stripedtigrrr the Sneak, a novice OpDe (D:5)
  A human (D:3)
  Menkaure (D:6)
  Edmund (D:5)
  The ghost of CakeIsGreat the Digger, an amateur GrEE (D:7)
  A necrophage (D:4)
  An ogre (D:5)
  A scorpion (D:6)
  2 bullfrog zombies (D:5)
  A hound (D:5)
  A human skeleton (D:3)
  3 iguanas
  3 orc wizards
  4 worker ants
  3 hound skeletons
  5 gnolls
  8 adders
  2 shadow imps (D:6)
  A white imp (D:5)
  An ufetubus (D:5)
  3 adder skeletons
  5 worms
  2 dart slugs
  3 leopard geckos
  17 orcs
  2 ball pythons
  10 bats
  2 giant cockroaches
  6 goblins
  6 hobgoblins
  3 jackals (D:1)
  A quokka (D:4)
  6 frilled lizards
  A goblin skeleton (D:3)
  A jackal skeleton (D:4)
  6 kobolds
  A leopard gecko skeleton (D:5)
  10 rats
127 creatures vanquished.

Notes
Turn   | Place    | Note
-------+----------+-------------------------------------------
     0 | D:1      | Allula97 the Demonspawn Monk began the quest for the Orb.
     0 | D:1      | Reached XP level 1. HP: 18/18 MP: 1/1
   427 | D:1      | Gained mutation: A meltable shield of frost defends you.
                  | (SH +0) [demonic ancestry]
   427 | D:1      | Reached XP level 2. HP: 15/24 MP: 0/2
  1041 | D:1      | Gained mutation: You have a pair of small horns on your
                  | head. [demonic ancestry]
  1041 | D:1      | Reached XP level 3. HP: 22/29 MP: 1/3
  1344 | D:2      | Reached skill level 1 in Armour
  1665 | D:2      | Reached XP level 4. HP: 34/35 MP: 4/4
  1739 | D:2      | Reached skill level 3 in Unarmed Combat
  2077 | D:2      | Found a faded altar of an unknown god.
  2086 | D:2      | Became a worshipper of Warmaster Okawaru
  2086 | D:2      | Reached * piety under Okawaru
  2086 | D:2      | Reached ** piety under Okawaru
  2435 | D:3      | Found Vianuon's Antique Armour Emporium.
  2930 | D:3      | Found a runed translucent door.
  2930 | D:3      | Noticed a human
  2941 | D:3      | Reached XP level 5. HP: 33/41 MP: 5/5
  2951 | D:3      | Found a basalt altar of Yredelemnul.
  2980 | D:3      | Killed a human
  2980 | D:3      | Reached *** piety under Okawaru
  2981 | D:3      | Reached skill level 1 in Shields
  2981 | D:3      | Reached skill level 4 in Unarmed Combat
  2981 | D:3      | Reached skill level 1 in Invocations
  2981 | D:3      | Gained mutation: A meltable icy envelope protects you from
                  | harm. (AC +0) [demonic ancestry]
  2981 | D:3      | Reached XP level 6. HP: 15/48 MP: 5/7
  3771 | D:4      | Found Cynedil's Assorted Antiques.
  3785 | D:4      | Bought a scroll labelled IVON JO HAIN for 26 gold pieces
  3785 | D:4      | Bought a scroll labelled OWEWNI QIW for 26 gold pieces
  3785 | D:4      | Bought a scroll labelled UTZINA QARESCH for 26 gold pieces
  3785 | D:4      | Bought a slimy jade ring for 130 gold pieces
  3785 | D:4      | Identified the ring of Riqid {rElec rF+ Will+ Int+2} (You
                  | bought it in a shop on level 4 of the Dungeon)
  4078 | D:4      | Gained mutation: You are partially covered in iridescent
                  | scales. (AC +2) [demonic ancestry]
  4078 | D:4      | Reached XP level 7. HP: 22/54 MP: 8/8
  4424 | D:5      | Entered Level 5 of the Dungeon
  4424 | D:5      | Found Ruigoko's Antique Armour Shoppe.
  4565 | D:5      | Found a hazy altar of Hepliaklqana.
  4653 | D:5      | Found a runed translucent gate.
  4654 | D:5      | Found a runed translucent gate.
  4655 | D:5      | Found a runed translucent gate.
  4706 | D:5      | Noticed stripedtigrrr's ghost (novice OpDe)
  4736 | D:5      | Killed stripedtigrrr's ghost
  4736 | D:5      | Reached **** piety under Okawaru
  4737 | D:5      | Reached skill level 5 in Unarmed Combat
  4744 | D:5      | Reached skill level 1 in Spellcasting
  4956 | D:5      | Noticed Edmund
  4967 | D:5      | Killed Edmund
  4968 | D:5      | Gained mutation: You have a pair of horns on your head.
                  | [demonic ancestry]
  4968 | D:5      | Reached XP level 8. HP: 53/61 MP: 10/10
  5132 | D:5      | Reached skill level 6 in Unarmed Combat
  5381 | D:6      | Noticed Menkaure
  5387 | D:6      | Killed Menkaure
  5412 | D:6      | Found Domusmuo's Armour Shoppe.
  5581 | D:6      | Identified a scroll of acquirement
  5582 | D:6      | Acquired 540 gold pieces
  5664 | D:5      | Bought a pair of shimmering gloves for 237 gold pieces
  5664 | D:5      | Identified the -4 pair of gloves of Oblivion {rElec rC-
                  | Int+8} (You bought it in a shop on level 5 of the Dungeon)
  5702 | D:4      | Bought a distressingly furry scale mail for 234 gold pieces
  5702 | D:4      | Identified the +1 scale mail "Ciorempe" {rC+ rN+ Str+2
                  | Dex+2} (You bought it in a shop on level 4 of the Dungeon)
  5773 | D:6      | Found a runed translucent door.
  5792 | D:6      | Found a shimmering altar of Xom.
  5792 | D:6      | Noticed CakeIsGreat's ghost (amateur GrEE)
  5792 | D:6      | Noticed a +2 trident of chaos
  5813 | D:7      | Found a staircase to the Ecumenical Temple.
  5819 | D:7      | Killed CakeIsGreat's ghost
  5830 | D:7      | HP: 2/61 [orc warrior/+0 trident (7)]
  5830 | D:7      | Slain by an orc

Illustrated notes

Levels and vault maps discovered:
D:1:      dpeg_arrival_renting, layout_basic
D:2:      layout_loops_ring, serial_rivers, chequers_serial_rivers_marsh,
          chequers_serial_rivers_small_3, chequers_serial_rivers_large_b,
          chequers_serial_rivers_micro_d, chequers_serial_rivers_large_a,
          chequers_serial_rivers_micro_e, chequers_ecumenical_altar_grove
D:3:      layout_basic, serial_shops, shop, dk_yredelemnul_ordeal
D:4:      layout_rooms, serial_shops, shop, serial_co_window_serial,
          co_window_corner_a, co_window_paths_b, co_window_corner_a,
          co_window_paths_a, co_window_paths_a, co_window_cross_3,
          co_window_unsneaky_path_a, co_window_unsneaky_path_a, glass_columns_a,
          glass_columns_c, glass_columns_b
D:5:      layout_cave_pools, nzn_hepliaklqana_mist_gate,
          gammafunk_ghost_necromancy, serial_shops, shop, uniq_edmund
D:6:      layout_gridville, ebering_ghost_xom, serial_shops,
          kennysheep_mini_moat, xom_teletrap_fun, uniq_menkaure
D:7:      layout_loops_cross, old_standard_altar,
          minmay_temple_entry_sparse_star

Skill      XL: |  1  2  3  4  5  6  7  8 |
---------------+-------------------------+-----
Dodging        | 3 4 |  4.2
Stealth        | 2 |  2.1
Armour         | 1 2 3 4 |  4.0
Unarmed Combat | 3 4 5 6 |  6.5
Shields        | 1 2 |  2.8
Invocations    | 1 2 3 |  3.7
Fighting       | 4 |  4.7
Spellcasting   | 1 |  1.8
Short Blades   | |  0.9

Action                   |  1- 3 |  4- 6 |  7- 9 || total
-------------------------+-------+-------+-------++-------
Melee: Dagger            |    98 |       |       ||    98
       Unarmed           |    75 |   195 |   214 ||   484
       Headbutt          |    12 |    36 |    44 ||    92
       Punch             |     1 |     1 |    15 ||    17
Invok: Heroism           |       |     5 |     9 ||    14
  Use: Scroll            |       |     3 |     6 ||     9
       Potion            |       |       |     5 ||     5
 Stab: Sleeping          |     2 |       |       ||     2
Armor: Robe              |    14 |       |       ||    14
       Scale mail        |    33 |    60 |   115 ||   208
Dodge: Dodged            |   102 |    70 |   139 ||   311
Block: Other             |    23 |    32 |    46 ||   101
       Kite shield       |       |    25 |       ||    25

Table legend: (Time is in decaauts)
 A = Elapsed time spent in this place.
 B = Non-inter-level travel time spent in this place.
 C = Inter-level travel time spent in this place.
 D = Time resting spent in this place.
 E = Time spent auto-exploring this place.
 F = Levels seen in this place.
 G = Mean time per level.
                   A        B        C        D        E       F      G
               +--------+--------+--------+--------+--------+-----+--------+
         Total |   5851 |   5494 |    357 |      0 |   3964 |   7 |  835.9 |
       Dungeon |   5851 |   5494 |    357 |      0 |   3964 |   7 |  835.9 |
               +--------+--------+--------+--------+--------+-----+--------+

Top non-repeatable levels by time:
     D:1: 1241 daAuts
     D:2: 1191 daAuts
     D:4: 1182 daAuts
     D:5: 973 daAuts
     D:3: 909 daAuts
     D:6: 330 daAuts
     D:7: 21 daAuts
